Bruins vs Senateurs
Created - November 19, 2017 at 19:00
Goals
|
| Bruins |
1 |
5 |
2 |
8 |
| Senateurs |
1 |
0 |
1 |
2 |
|
Shots
|
| Bruins |
2 |
15 |
6 |
23 |
| Senateurs |
12 |
10 |
10 |
32 |
|
1st period
1. Bruins , Henrik Sedin 9 (Victor Oreskovich 9, Marc Savard 6) at 6:02
2. Senateurs , Brenden Morrow 6 (Evgeni Malkin 11, Thomas Vanek 7) at 9:01
Penalties :
No Penalty
2nd period
3. Bruins , Henrik Sedin 10 (Wojtek Wolski 9, Justin Falk 2) at 8:24
4. Bruins , Alex Tanguay 2 (Andrew Alberts 5, Marc Savard 7) at 9:21 (PP)
5. Bruins , Henrik Sedin 11 (Wojtek Wolski 10) at 13:37 (PP)
6. Bruins , Victor Oreskovich 3 (Wojtek Wolski 11, Henrik Sedin 12) at 16:14
7. Bruins , Henrik Sedin 12 (Andrew Alberts 6, Wojtek Wolski 12) at 19:23 (PP)
Penalties :
Milan Hejduk (Ott) for Hooking (Minor) at 8:42, Kurtis Foster (Ott) for Hooking (Minor) at 13:21, Carlo Colaiacovo (Ott) for High sticking (Double Minor) at 19:18
3rd period
8. Senateurs , Cody Hodgson 6 (Brenden Morrow 15, Johan Franzen 8) at 7:14
9. Bruins , Victor Oreskovich 4 (Wojtek Wolski 13, Henrik Sedin 13) at 10:44
10. Bruins , Victor Oreskovich 5 (Wojtek Wolski 14) at 16:05
Penalties :
Nate Prosser (Bos) for Hooking (Minor) at 12:06, Adam Pineault (Bos) for Hooking (Minor) at 18:19
Goalie Stats
Roberto Luongo (Bos), 30 saves from 32 shots - (0.938), W, 5-5-0, 60:00 minutes
Jeff Deslauriers (Ott), 9 saves from 13 shots - (0.692), 26:23 minutes
Ondrej Pavelec (Ott), 6 saves from 10 shots - (0.600), L, 2-8-1, 33:37 minutes
Players Stats for Bruins
Player Name G A P +/- PIM S H SB GA TA FO MP PP MP PK MP
------------------------------------------------------------------------------------
Adam Pineault 0 0 0 0 2 0 1 0 0 1 0/0 12:51 0:00 0:41
Alex Tanguay 1 0 1 -1 0 3 2 0 1 0 0/1 18:25 1:00 0:52
Andrew Alberts 0 2 2 1 0 1 0 1 1 0 0/0 25:03 2:22 1:49
Dainius Zubrus 0 0 0 0 0 0 0 0 0 0 0/0 6:21 0:00 0:00
Dave Bolland 0 0 0 0 0 0 0 0 0 0 2/5 13:29 0:00 0:51
Henrik Sedin 4 2 6 4 0 7 0 0 2 0 20/30 21:22 1:59 0:57
Jason Demers 0 0 0 1 0 0 4 1 0 1 0/0 29:12 2:22 1:49
Justin Falk 0 1 1 2 0 0 0 0 0 1 0/0 11:27 0:00 0:00
Kris Chucko 0 0 0 0 0 1 1 0 0 0 0/0 7:05 0:00 0:44
Marc Savard 0 2 2 -1 0 0 2 1 0 0 10/16 18:39 1:00 1:15
Mark Stuart 0 0 0 0 0 2 0 0 0 0 0/0 19:21 0:37 1:50
Nate Prosser 0 0 0 2 2 0 2 1 0 0 0/0 11:28 0:00 0:00
Nick Schultz 0 0 0 0 0 0 0 0 0 0 0/0 4:09 0:00 0:00
Patrick Eaves 0 0 0 -1 0 0 2 0 0 0 1/2 17:22 1:00 0:00
Ryan O'Byrne 0 0 0 0 0 1 0 1 0 0 0/0 19:21 0:37 1:50
Victor Oreskovich 3 1 4 4 0 4 0 1 1 0 1/3 21:08 1:59 0:43
Viktor Stalberg 0 0 0 0 0 2 0 0 0 0 0/1 12:47 0:00 0:18
Wojtek Wolski 0 6 6 4 0 2 2 0 2 2 3/7 26:49 1:59 0:57
Players Stats for Senateurs
Player Name G A P +/- PIM S H SB GA TA FO MP PP MP PK MP
------------------------------------------------------------------------------------
Arturs Kulda 0 0 0 2 0 1 0 1 0 1 0/0 14:27 0:00 1:38
B.J. Crombeen 0 0 0 -4 0 0 4 0 2 0 1/2 20:56 0:50 0:25
Brandon Dubinsky 0 0 0 0 0 0 1 0 0 1 5/8 10:34 0:13 0:08
Brenden Morrow 1 1 2 1 0 3 2 1 1 0 1/1 17:45 2:01 0:33
Brooks Orpik 0 0 0 0 0 1 2 0 0 0 0/0 19:47 1:42 0:42
Carlo Colaiacovo 0 0 0 -5 4 2 0 0 0 2 0/0 25:49 1:43 0:55
Cody Hodgson 1 0 1 1 0 2 3 0 1 0 5/10 17:10 2:01 0:00
Dan Girardi 0 0 0 2 0 0 0 1 0 0 0/0 13:28 0:41 0:00
Evgeni Malkin 0 1 1 -4 0 3 0 1 0 1 14/40 22:57 0:50 2:26
Johan Franzen 0 1 1 1 0 3 1 0 0 1 0/0 17:10 2:01 0:00
Kurtis Foster 0 0 0 -5 2 2 1 2 0 0 0/0 27:01 1:30 2:01
Milan Hejduk 0 0 0 0 2 2 1 0 0 0 0/0 10:58 0:48 0:00
Pascal Dupuis 0 0 0 0 0 0 3 0 0 0 0/0 8:19 0:00 0:00
Ramzi Abid 0 0 0 0 0 2 2 0 0 0 0/0 10:59 0:48 0:00
Rob Schremp 0 0 0 0 0 2 1 0 0 0 2/4 8:19 0:00 0:00
Sergei Kostitsyn 0 0 0 0 0 6 0 0 0 1 0/0 8:54 0:35 0:00
Thomas Vanek 0 1 1 -4 0 2 6 0 1 0 0/0 22:57 0:50 2:26
Vladimir Mihalik 0 0 0 0 0 1 2 1 0 0 0/0 19:28 1:42 0:42
3 Stars
1 - Henrik Sedin (Bos)
2 - Victor Oreskovich (Bos)
3 - Wojtek Wolski (Bos)
Power Play
Bruins - 3 on 4 Attempt(s) - 75.00%
Senateurs - 0 on 2 Attempt(s) - 0.00%
Penalty Kill
Bruins - 2 on 2 Attempt(s) - 100.00%
- Score 0 goal in Penalty Kill
Senateurs - 1 on 4 Attempt(s) - 25.00%
- Score 0 goal in Penalty Kill
Team Stat
Bruins - Hits : 16 - Faceoff Wins : 37 - Blocked Shots : 6 - Penalty Minutes : 4
Senateurs - Hits : 29 - Faceoff Wins : 28 - Blocked Shots : 7 - Penalty Minutes : 8
Official
Referees : Martell Rob and LaRue Dennis
Linesman : Thor Nelson and Mark Pare
Game Notes
Henrik Sedin has scored a Hat Trick!
Jeff Deslauriers enters game at 13:37 of 2nd period
Victor Oreskovich has scored a Hat Trick!
Finance
Level 1 -- Attendance: 5847 (97.45%) -- Ticket Income $485,301
Level 2 -- Attendance: 4885 (97.70%) -- Ticket Income $258,905
Level 3 -- Attendance: 1833 (91.65%) -- Ticket Income $60,489
Level 4 -- Attendance: 3988 (99.70%) -- Ticket Income $91,724
Luxury Box -- Attendance: 908 (90.80%) -- Ticket Income $140,740
Game was played at the Place Banque Scotia.
Total Attendance: 17461 (97.01%)
Total Ticket Income: $1,037,159
Other Income: $155,574
Total Income: $1,192,733
Bruins
5 vs 5 Forward
Center Left Wing Right Wing Time % Phy DF OF
1 Henrik Sedin Wojtek Wolski Victor Oreskovich 40 1 2 2
2 Marc Savard Alex Tanguay Patrick Eaves 30 1 2 2
3 Dave Bolland Viktor Stalberg Adam Pineault 20 1 2 2
4 Wojtek Wolski Kris Chucko Dainius Zubrus 10 1 2 2
5 vs 5 Defense
Defense Defense Time % Phy DF OF
1 Jason Demers Andrew Alberts 40 1 2 2
2 Mark Stuart Ryan O'Byrne 30 1 2 2
3 Nate Prosser Justin Falk 20 1 2 2
4 Nick Schultz Jason Demers 10 1 2 2
PowerPlay Forward
Center Left Wing Right Wing Time % Phy DF OF
1 Henrik Sedin Wojtek Wolski Victor Oreskovich 60 1 2 2
2 Marc Savard Alex Tanguay Patrick Eaves 40 1 2 2
PowerPlay Defense
Defense Defense Time % Phy DF OF
1 Jason Demers Andrew Alberts 60 1 2 2
2 Mark Stuart Ryan O'Byrne 40 1 2 2
Penalty Kill 4 Players Forward
Center Wing Time % Phy DF OF
1 Wojtek Wolski Henrik Sedin 60 1 2 2
2 Marc Savard Victor Oreskovich 40 1 2 2
Penalty Kill 4 Players Defense
Defense Defense Time % Phy DF OF
1 Jason Demers Andrew Alberts 60 1 2 2
2 Mark Stuart Ryan O'Byrne 40 1 2 2
Penalty Kill - 3 Players Forward
Forward Time % Phy DF OF
1 Wojtek Wolski 60 1 2 2
2 Henrik Sedin 40 1 2 2
Penalty Kill - 3 Players Defense
Defense Defense Time % Phy DF OF
1 Jason Demers Andrew Alberts 60 1 2 2
2 Mark Stuart Ryan O'Byrne 40 1 2 2
4 vs 4 Forward
Center Wing Time % Phy DF OF
1 Wojtek Wolski Henrik Sedin 60 1 2 2
2 Marc Savard Victor Oreskovich 40 1 2 2
4 vs 4 Defense
Defense Defense Time % Phy DF OF
1 Jason Demers Andrew Alberts 60 1 2 2
2 Mark Stuart Ryan O'Byrne 40 1 2 2
Last Minutes Offensive
Center Left Wing Right Wing Defense Defense
Henrik Sedin Wojtek Wolski Victor Oreskovich Jason Demers Andrew Alberts
Last Minutes Defensive
Center Left Wing Right Wing Defense Defense
Henrik Sedin Wojtek Wolski Victor Oreskovich Jason Demers Andrew Alberts
Goaltenders
Starting : Roberto Luongo
Backup : Kevin Poulin
Extra Forwards
Normal : Viktor Stalberg, Dave Bolland, Adam Pineault - PP : Viktor Stalberg, Dave Bolland - PK : Adam Pineault
Extra Defensemen
Normal : Nate Prosser, Justin Falk, Nick Schultz - PP : Nate Prosser - PK : Justin Falk, Nick Schultz
Penalty Shots
Wojtek Wolski, Henrik Sedin, Marc Savard, Victor Oreskovich, Alex Tanguay
Scratches
Mike Fisher (Bruised Right Foot Injury)
Senateurs
5 vs 5 Forward
Center Left Wing Right Wing Time % Phy DF OF
1 Evgeni Malkin Thomas Vanek B.J. Crombeen 40 1 2 2
2 Cody Hodgson Brenden Morrow Johan Franzen 30 1 2 2
3 Brandon Dubinsky Ramzi Abid Milan Hejduk 20 1 2 2
4 Rob Schremp Sergei Kostitsyn Pascal Dupuis 10 1 2 2
5 vs 5 Defense
Defense Defense Time % Phy DF OF
1 Kurtis Foster Carlo Colaiacovo 40 1 2 2
2 Brooks Orpik Vladimir Mihalik 30 1 2 2
3 Dan Girardi Arturs Kulda 20 1 2 2
4 Kurtis Foster Carlo Colaiacovo 10 1 2 2
PowerPlay Forward
Center Left Wing Right Wing Time % Phy DF OF
1 Evgeni Malkin Thomas Vanek B.J. Crombeen 60 1 2 2
2 Cody Hodgson Brenden Morrow Johan Franzen 40 1 2 2
PowerPlay Defense
Defense Defense Time % Phy DF OF
1 Kurtis Foster Carlo Colaiacovo 60 1 2 2
2 Brooks Orpik Vladimir Mihalik 40 1 2 2
Penalty Kill 4 Players Forward
Center Wing Time % Phy DF OF
1 Evgeni Malkin Thomas Vanek 60 1 2 2
2 Brenden Morrow B.J. Crombeen 40 1 2 2
Penalty Kill 4 Players Defense
Defense Defense Time % Phy DF OF
1 Kurtis Foster Carlo Colaiacovo 60 1 2 2
2 Brooks Orpik Vladimir Mihalik 40 1 2 2
Penalty Kill - 3 Players Forward
Forward Time % Phy DF OF
1 Evgeni Malkin 60 1 2 2
2 Thomas Vanek 40 1 2 2
Penalty Kill - 3 Players Defense
Defense Defense Time % Phy DF OF
1 Kurtis Foster Carlo Colaiacovo 60 1 2 2
2 Brooks Orpik Vladimir Mihalik 40 1 2 2
4 vs 4 Forward
Center Wing Time % Phy DF OF
1 Evgeni Malkin Thomas Vanek 60 1 2 2
2 Brenden Morrow B.J. Crombeen 40 1 2 2
4 vs 4 Defense
Defense Defense Time % Phy DF OF
1 Kurtis Foster Carlo Colaiacovo 60 1 2 2
2 Brooks Orpik Vladimir Mihalik 40 1 2 2
Last Minutes Offensive
Center Left Wing Right Wing Defense Defense
Evgeni Malkin Thomas Vanek B.J. Crombeen Kurtis Foster Carlo Colaiacovo
Last Minutes Defensive
Center Left Wing Right Wing Defense Defense
Evgeni Malkin Thomas Vanek B.J. Crombeen Kurtis Foster Carlo Colaiacovo
Goaltenders
Starting : Ondrej Pavelec
Backup : Jeff Deslauriers
Extra Forwards
Normal : Ramzi Abid, Sergei Kostitsyn, Brandon Dubinsky - PP : Ramzi Abid, Sergei Kostitsyn - PK : Brandon Dubinsky
Extra Defensemen
Normal : Dan Girardi, Arturs Kulda, Brooks Orpik - PP : Dan Girardi - PK : Arturs Kulda, Brooks Orpik
Penalty Shots
Evgeni Malkin, Thomas Vanek, Brenden Morrow, B.J. Crombeen, Johan Franzen
Scratches
Dan Hamhuis (Healthy), Ryan Malone (Healthy)
% Time on Ice - Bruins
Lines # - Real PCT - Wanted PCT - Time Play
Normal Forward
1 - 35% - 40% - 18:28
2 - 31% - 30% - 16:22
3 - 23% - 20% - 12:11
4 - 12% - 10% - 6:21
Normal Defense
1 - 39% - 40% - 20:52
2 - 32% - 30% - 16:54
3 - 21% - 20% - 11:27
4 - 8% - 10% - 4:09
PP Forward
1 - 66% - 60% - 1:59
2 - 34% - 40% - 1:00
PP Defense
1 - 79% - 60% - 2:22
2 - 21% - 40% - 0:37
PK Forward
1 - 78% - 60% - 2:51
2 - 22% - 40% - 0:48
PK Defense
1 - 50% - 60% - 1:49
2 - 50% - 40% - 1:50
PK3 Forward
1 - 0% - 60%
2 - 0% - 40%
PK3 Defense
1 - 0% - 60%
2 - 0% - 40%
44 Forward
1 - 0% - 60%
2 - 0% - 40%
44 Defense
1 - 0% - 60%
2 - 0% - 40%
Last Minute Offensive - 0:00
Last Minute Defensive - 0:00
Total
Forward - 60:00
Defense - 60:00
|
% Time on Ice - Senateurs
Lines # - Real PCT - Wanted PCT - Time Play
Normal Forward
1 - 37% - 40% - 19:43
2 - 28% - 30% - 15:09
3 - 19% - 20% - 10:11
4 - 16% - 10% - 8:19
Normal Defense
1 - 38% - 40% - 20:31
2 - 32% - 30% - 17:04
3 - 24% - 20% - 12:47
4 - 6% - 10% - 3:00
PP Forward
1 - 23% - 60% - 0:50
2 - 77% - 40% - 2:49
PP Defense
1 - 53% - 60% - 1:57
2 - 47% - 40% - 1:42
PK Forward
1 - 86% - 60% - 2:34
2 - 14% - 40% - 0:25
PK Defense
1 - 77% - 60% - 2:17
2 - 23% - 40% - 0:42
PK3 Forward
1 - 0% - 60%
2 - 0% - 40%
PK3 Defense
1 - 0% - 60%
2 - 0% - 40%
44 Forward
1 - 0% - 60%
2 - 0% - 40%
44 Defense
1 - 0% - 60%
2 - 0% - 40%
Last Minute Offensive - 0:00
Last Minute Defensive - 0:00
Total
Forward - 60:00
Defense - 60:00
|
Play by Play
1st period
0:01 of 1st period - Henrik Sedin wins face-off versus Evgeni Malkin in neutral zone.
0:32 of 1st period - Jason Demers is hit by Cody Hodgson and loses puck.
0:53 of 1st period - Slapshot by Ramzi Abid.
0:53 of 1st period - Stopped by Roberto Luongo without a rebound.
0:54 of 1st period - Rob Schremp wins face-off versus Wojtek Wolski in Bruins zone.
0:55 of 1st period - Slapshot by Sergei Kostitsyn.
0:55 of 1st period - Shot Misses the Net.
1:05 of 1st period - Snap shot by Sergei Kostitsyn.
1:05 of 1st period - Shot Misses the Net.
1:07 of 1st period - Wrist shot by Sergei Kostitsyn.
1:07 of 1st period - Stopped by Roberto Luongo without a rebound.
1:08 of 1st period - Evgeni Malkin wins face-off versus Wojtek Wolski in Bruins zone.
2:00 of 1st period - Dave Bolland is hit by Ramzi Abid.
2:25 of 1st period - Brooks Orpik is hit by Wojtek Wolski and loses puck.
2:40 of 1st period - Snap shot by Thomas Vanek.
2:40 of 1st period - Stopped by Roberto Luongo with a rebound.
3:21 of 1st period - Slapshot by Milan Hejduk.
3:21 of 1st period - Stopped by Roberto Luongo without a rebound.
3:22 of 1st period - Marc Savard wins face-off versus Evgeni Malkin in Bruins zone.
3:35 of 1st period - Wrist shot by Alex Tanguay.
3:35 of 1st period - Shot Misses the Net.
3:37 of 1st period - Snap shot by Patrick Eaves.
3:37 of 1st period - Shot Misses the Net.
4:05 of 1st period - Arturs Kulda is hit by Nate Prosser and loses puck.
4:51 of 1st period - Snap shot by B.J. Crombeen.
4:51 of 1st period - Shot Misses the Net.
5:34 of 1st period - Snap shot by Rob Schremp.
5:34 of 1st period - Stopped by Roberto Luongo without a rebound.
5:35 of 1st period - Rob Schremp wins face-off versus Marc Savard in Bruins zone.
5:40 of 1st period - Wrist shot by Rob Schremp.
5:40 of 1st period - Shot Misses the Net.
6:02 of 1st period - Wrist shot by Henrik Sedin.
6:02 of 1st period - Goal by Henrik Sedin - Bruins : 1 - Senateurs : 0.
6:03 of 1st period - Henrik Sedin wins face-off versus Evgeni Malkin in neutral zone.
6:17 of 1st period - Icing by Jason Demers.
6:18 of 1st period - Henrik Sedin wins face-off versus Cody Hodgson in Bruins zone.
7:02 of 1st period - Andrew Alberts is hit by Kurtis Foster.
7:14 of 1st period - Snap shot by Henrik Sedin.
7:14 of 1st period - Deflect By Victor Oreskovich.
7:14 of 1st period - Shot Misses the Net.
7:14 of 1st period - Puck is out of play.
7:15 of 1st period - Patrick Eaves wins face-off versus Cody Hodgson in Senateurs zone.
7:16 of 1st period - Snap shot by Marc Savard.
7:16 of 1st period - Shot Misses the Net.
7:18 of 1st period - Snap shot by Marc Savard.
7:18 of 1st period - Shot Misses the Net.
7:20 of 1st period - Slapshot by Nate Prosser.
7:20 of 1st period - Shot Misses the Net.
7:22 of 1st period - Slapshot by Nate Prosser.
7:22 of 1st period - Deflect By Alex Tanguay.
7:22 of 1st period - Shot Misses the Net.
7:22 of 1st period - Puck is out of play.
7:23 of 1st period - Cody Hodgson wins face-off versus Marc Savard in Senateurs zone.
7:28 of 1st period - Slapshot by Brenden Morrow.
7:28 of 1st period - Stopped by Roberto Luongo without a rebound.
7:29 of 1st period - Evgeni Malkin wins face-off versus Dave Bolland in Bruins zone.
7:34 of 1st period - Snap shot by Evgeni Malkin.
7:34 of 1st period - Shot Misses the Net.
7:46 of 1st period - B.J. Crombeen is hit by Nate Prosser and loses puck.
8:24 of 1st period - Off-side.
8:25 of 1st period - B.J. Crombeen wins face-off versus Henrik Sedin in neutral zone.
8:28 of 1st period - Wojtek Wolski is hit by B.J. Crombeen and loses puck.
8:44 of 1st period - Wojtek Wolski is hit by B.J. Crombeen and loses puck.
8:59 of 1st period - Slapshot by Evgeni Malkin.
8:59 of 1st period - Stopped by Roberto Luongo with a rebound.
9:01 of 1st period - Slapshot by Brenden Morrow.
9:01 of 1st period - Goal by Brenden Morrow - Bruins : 1 - Senateurs : 1.
9:02 of 1st period - Brandon Dubinsky wins face-off versus Wojtek Wolski in neutral zone.
9:05 of 1st period - Slapshot by Carlo Colaiacovo.
9:05 of 1st period - Stopped by Roberto Luongo with a rebound.
9:29 of 1st period - Carlo Colaiacovo is hit by Patrick Eaves and loses puck.
9:34 of 1st period - Snap shot by Patrick Eaves.
9:34 of 1st period - Shot Misses the Net.
9:53 of 1st period - Dave Bolland is hit by Vladimir Mihalik and loses puck.
10:56 of 1st period - Justin Falk is hit by Cody Hodgson and loses puck.
12:27 of 1st period - Wrist shot by Sergei Kostitsyn.
12:27 of 1st period - Stopped by Roberto Luongo with a rebound.
12:29 of 1st period - Slapshot by Brooks Orpik.
12:29 of 1st period - Shot Blocked by Ryan O'Byrne.
12:31 of 1st period - Slapshot by Vladimir Mihalik.
12:31 of 1st period - Stopped by Roberto Luongo with a rebound.
12:41 of 1st period - Alex Tanguay is hit by Brooks Orpik and loses puck.
13:01 of 1st period - Icing by Vladimir Mihalik.
13:02 of 1st period - Brandon Dubinsky wins face-off versus Henrik Sedin in Senateurs zone.
13:27 of 1st period - Slapshot by Brandon Dubinsky.
13:27 of 1st period - Deflect By Ramzi Abid.
13:27 of 1st period - Shot Blocked by Andrew Alberts.
13:27 of 1st period - Puck is out of play.
13:28 of 1st period - Marc Savard wins face-off versus Evgeni Malkin in Bruins zone.
13:54 of 1st period - Ryan O'Byrne is hit by Brenden Morrow and loses puck.
14:13 of 1st period - Kurtis Foster is hit by Jason Demers and loses puck.
15:06 of 1st period - Off-side.
15:07 of 1st period - Henrik Sedin wins face-off versus Brandon Dubinsky in neutral zone.
15:32 of 1st period - Thomas Vanek is hit by Alex Tanguay.
16:00 of 1st period - Slapshot by Dave Bolland.
16:00 of 1st period - Shot Hit the Post.
16:12 of 1st period - Justin Falk is hit by Rob Schremp and loses puck.
16:40 of 1st period - Alex Tanguay is hit by Pascal Dupuis and loses puck.
16:45 of 1st period - Wrist shot by Rob Schremp.
16:45 of 1st period - Stopped by Roberto Luongo without a rebound.
16:46 of 1st period - Dave Bolland wins face-off versus Evgeni Malkin in Bruins zone.
16:46 of 1st period - Dave Bolland is hit by B.J. Crombeen.
17:12 of 1st period - Dan Girardi is hit by Jason Demers and loses puck.
18:57 of 1st period - Snap shot by Victor Oreskovich.
18:57 of 1st period - Stopped by Ondrej Pavelec without a rebound.
18:58 of 1st period - Brandon Dubinsky wins face-off versus Victor Oreskovich in Senateurs zone.
Goals for this period are 1 for Bruins vs 1 for Senateurs.
Shots for this period are 2 for Bruins vs 12 for Senateurs.
2nd period
0:01 of 2nd period - Evgeni Malkin wins face-off versus Henrik Sedin in neutral zone.
0:08 of 2nd period - Snap shot by Evgeni Malkin.
0:08 of 2nd period - Shot Misses the Net.
0:11 of 2nd period - Icing by Jason Demers.
0:12 of 2nd period - Henrik Sedin wins face-off versus Evgeni Malkin in Bruins zone.
0:39 of 2nd period - Wrist shot by Patrick Eaves.
0:39 of 2nd period - Shot Hit the Post.
0:47 of 2nd period - Slapshot by Marc Savard.
0:47 of 2nd period - Shot Misses the Net.
0:53 of 2nd period - Brenden Morrow is hit by Marc Savard and loses puck.
0:57 of 2nd period - Icing by Kurtis Foster.
0:58 of 2nd period - Cody Hodgson wins face-off versus Henrik Sedin in Senateurs zone.
1:03 of 2nd period - Snap shot by Johan Franzen.
1:03 of 2nd period - Stopped by Roberto Luongo without a rebound.
1:04 of 2nd period - Henrik Sedin wins face-off versus Evgeni Malkin in Bruins zone.
1:38 of 2nd period - Wrist shot by Alex Tanguay.
1:38 of 2nd period - Shot Misses the Net.
1:40 of 2nd period - Slapshot by Mark Stuart.
1:40 of 2nd period - Stopped by Ondrej Pavelec without a rebound.
1:41 of 2nd period - Henrik Sedin wins face-off versus Evgeni Malkin in Senateurs zone.
1:50 of 2nd period - Henrik Sedin is hit by Thomas Vanek and loses puck.
2:18 of 2nd period - Cody Hodgson is hit by Jason Demers and loses puck.
2:31 of 2nd period - Snap shot by Viktor Stalberg.
2:31 of 2nd period - Stopped by Ondrej Pavelec with a rebound.
2:33 of 2nd period - Slapshot by Ryan O'Byrne.
2:33 of 2nd period - Stopped by Ondrej Pavelec without a rebound.
2:34 of 2nd period - Evgeni Malkin wins face-off versus Dave Bolland in Senateurs zone.
2:34 of 2nd period - Evgeni Malkin is hit by Adam Pineault.
2:40 of 2nd period - Slapshot by Kurtis Foster.
2:40 of 2nd period - Stopped by Roberto Luongo with a rebound.
2:42 of 2nd period - Slapshot by Kurtis Foster.
2:42 of 2nd period - Stopped by Roberto Luongo with a rebound.
2:44 of 2nd period - Snap shot by Thomas Vanek.
2:44 of 2nd period - Stopped by Roberto Luongo with a rebound.
3:31 of 2nd period - Snap shot by Sergei Kostitsyn.
3:31 of 2nd period - Deflect By Alex Tanguay.
3:31 of 2nd period - Stopped by Roberto Luongo with a rebound.
3:33 of 2nd period - Snap shot by Sergei Kostitsyn.
3:33 of 2nd period - Stopped by Roberto Luongo with a rebound.
4:04 of 2nd period - Justin Falk is hit by B.J. Crombeen and loses puck.
4:11 of 2nd period - Wrist shot by Viktor Stalberg.
4:11 of 2nd period - Stopped by Ondrej Pavelec without a rebound.
4:12 of 2nd period - Evgeni Malkin wins face-off versus Marc Savard in Senateurs zone.
4:12 of 2nd period - Evgeni Malkin is hit by Alex Tanguay.
4:42 of 2nd period - Wrist shot by Brenden Morrow.
4:42 of 2nd period - Shot Blocked by Nate Prosser.
4:44 of 2nd period - Wrist shot by Johan Franzen.
4:44 of 2nd period - Stopped by Roberto Luongo without a rebound.
4:45 of 2nd period - Cody Hodgson wins face-off versus Victor Oreskovich in Bruins zone.
5:06 of 2nd period - Snap shot by Cody Hodgson.
5:06 of 2nd period - Shot Blocked by Victor Oreskovich.
5:48 of 2nd period - Snap shot by Wojtek Wolski.
5:48 of 2nd period - Shot Blocked by Dan Girardi.
5:50 of 2nd period - Slapshot by Andrew Alberts.
5:50 of 2nd period - Deflect By Henrik Sedin.
5:50 of 2nd period - Shot Blocked by Brenden Morrow.
5:50 of 2nd period - Puck is out of play.
5:51 of 2nd period - Evgeni Malkin wins face-off versus Marc Savard in Senateurs zone.
6:17 of 2nd period - Marc Savard is hit by Pascal Dupuis and loses puck.
7:58 of 2nd period - Off-side.
7:59 of 2nd period - Dave Bolland wins face-off versus Rob Schremp in neutral zone.
8:08 of 2nd period - Off-side.
8:09 of 2nd period - Evgeni Malkin wins face-off versus Henrik Sedin in neutral zone.
8:24 of 2nd period - Slapshot by Henrik Sedin.
8:24 of 2nd period - Goal by Henrik Sedin - Bruins : 2 - Senateurs : 1.
8:25 of 2nd period - Henrik Sedin wins face-off versus Evgeni Malkin in neutral zone.
8:39 of 2nd period - Off-side.
8:40 of 2nd period - Brandon Dubinsky wins face-off versus Henrik Sedin in neutral zone.
8:42 of 2nd period - Minor Penalty to Milan Hejduk for Hooking.
8:43 of 2nd period - Henrik Sedin wins face-off versus Evgeni Malkin in Senateurs zone.
8:51 of 2nd period - Snap shot by Henrik Sedin.
8:51 of 2nd period - Deflect By Wojtek Wolski.
8:51 of 2nd period - Shot Misses the Net.
8:51 of 2nd period - Puck is out of play.
8:52 of 2nd period - Evgeni Malkin wins face-off versus Henrik Sedin in Senateurs zone.
9:09 of 2nd period - Wrist shot by Wojtek Wolski.
9:09 of 2nd period - Stopped by Ondrej Pavelec without a rebound.
9:10 of 2nd period - Marc Savard wins face-off versus Evgeni Malkin in Senateurs zone.
9:19 of 2nd period - Snap shot by Marc Savard.
9:19 of 2nd period - Shot Blocked by Evgeni Malkin.
9:21 of 2nd period - Slapshot by Andrew Alberts.
9:21 of 2nd period - Deflect By Alex Tanguay.
9:21 of 2nd period - Goal by Alex Tanguay - Bruins : 3 - Senateurs : 1.
9:22 of 2nd period - Evgeni Malkin wins face-off versus Henrik Sedin in neutral zone.
10:14 of 2nd period - Backhand shot by Ramzi Abid.
10:14 of 2nd period - Stopped by Roberto Luongo with a rebound.
11:34 of 2nd period - Vladimir Mihalik is hit by Jason Demers and loses puck.
11:41 of 2nd period - Adam Pineault is hit by Milan Hejduk and loses puck.
11:52 of 2nd period - Adam Pineault is hit by Thomas Vanek and loses puck.
12:07 of 2nd period - Andrew Alberts is hit by Thomas Vanek and loses puck.
12:20 of 2nd period - Snap shot by Marc Savard.
12:20 of 2nd period - Shot Blocked by Arturs Kulda.
13:02 of 2nd period - Off-side.
13:03 of 2nd period - Wojtek Wolski wins face-off versus Brandon Dubinsky in neutral zone.
13:06 of 2nd period - Milan Hejduk is hit by Wojtek Wolski and loses puck.
13:21 of 2nd period - Minor Penalty to Kurtis Foster for Hooking.
13:22 of 2nd period - Henrik Sedin wins face-off versus Evgeni Malkin in Senateurs zone.
13:37 of 2nd period - Snap shot by Henrik Sedin.
13:37 of 2nd period - Goal by Henrik Sedin - Bruins : 4 - Senateurs : 1.
13:37 of 2nd period - Jeff Deslauriers enters game.
13:38 of 2nd period - Henrik Sedin wins face-off versus Evgeni Malkin in neutral zone.
13:43 of 2nd period - Slapshot by Henrik Sedin.
13:43 of 2nd period - Stopped by Jeff Deslauriers without a rebound.
13:44 of 2nd period - Henrik Sedin wins face-off versus Evgeni Malkin in Senateurs zone.
14:00 of 2nd period - Snap shot by Evgeni Malkin.
14:00 of 2nd period - Shot Misses the Net.
14:18 of 2nd period - Wrist shot by Alex Tanguay.
14:18 of 2nd period - Stopped by Jeff Deslauriers without a rebound.
14:19 of 2nd period - Evgeni Malkin wins face-off versus Marc Savard in Senateurs zone.
14:23 of 2nd period - Off-side.
14:24 of 2nd period - Evgeni Malkin wins face-off versus Alex Tanguay in neutral zone.
14:33 of 2nd period - Snap shot by Evgeni Malkin.
14:33 of 2nd period - Stopped by Roberto Luongo with a rebound.
14:35 of 2nd period - Snap shot by Evgeni Malkin.
14:35 of 2nd period - Stopped by Roberto Luongo with a rebound.
15:30 of 2nd period - Wojtek Wolski is hit by Brooks Orpik and loses puck.
16:14 of 2nd period - Wrist shot by Victor Oreskovich.
16:14 of 2nd period - Goal by Victor Oreskovich - Bruins : 5 - Senateurs : 1.
16:15 of 2nd period - Henrik Sedin wins face-off versus Evgeni Malkin in neutral zone.
16:42 of 2nd period - Kurtis Foster is hit by Patrick Eaves and loses puck.
16:51 of 2nd period - Wrist shot by Alex Tanguay.
16:51 of 2nd period - Deflect By Patrick Eaves.
16:51 of 2nd period - Shot Misses the Net.
16:51 of 2nd period - Puck is out of play.
16:52 of 2nd period - Marc Savard wins face-off versus Evgeni Malkin in Senateurs zone.
17:21 of 2nd period - Slapshot by Mark Stuart.
17:21 of 2nd period - Deflect By Johan Franzen.
17:21 of 2nd period - Stopped by Jeff Deslauriers without a rebound.
17:22 of 2nd period - Henrik Sedin wins face-off versus Cody Hodgson in Senateurs zone.
17:23 of 2nd period - Wrist shot by Wojtek Wolski.
17:23 of 2nd period - Stopped by Jeff Deslauriers without a rebound.
17:24 of 2nd period - Henrik Sedin wins face-off versus Cody Hodgson in Senateurs zone.
17:27 of 2nd period - Wrist shot by Wojtek Wolski.
17:27 of 2nd period - Shot Misses the Net.
18:16 of 2nd period - Adam Pineault is hit by Brandon Dubinsky and loses puck.
18:31 of 2nd period - Mark Stuart is hit by Vladimir Mihalik and loses puck.
19:18 of 2nd period - Double Minor Penalty to Carlo Colaiacovo for High sticking.
19:19 of 2nd period - Henrik Sedin wins face-off versus Evgeni Malkin in Senateurs zone.
19:19 of 2nd period - Slapshot by Wojtek Wolski.
19:19 of 2nd period - Shot Blocked by Kurtis Foster.
19:21 of 2nd period - Slapshot by Henrik Sedin.
19:21 of 2nd period - Stopped by Jeff Deslauriers with a rebound.
19:23 of 2nd period - Slapshot by Andrew Alberts.
19:23 of 2nd period - Deflect By Henrik Sedin.
19:23 of 2nd period - Goal by Henrik Sedin - Bruins : 6 - Senateurs : 1.
19:24 of 2nd period - Henrik Sedin wins face-off versus Evgeni Malkin in neutral zone.
Goals for this period are 5 for Bruins vs 0 for Senateurs.
Shots for this period are 15 for Bruins vs 10 for Senateurs.
3rd period
0:01 of 3rd period - Victor Oreskovich wins face-off versus Evgeni Malkin in neutral zone.
0:12 of 3rd period - Wrist shot by Wojtek Wolski.
0:12 of 3rd period - Shot Misses the Net.
0:14 of 3rd period - Wrist shot by Jason Demers.
0:14 of 3rd period - Shot Misses the Net.
1:23 of 3rd period - Penalty to Carlo Colaiacovo is over, Carlo Colaiacovo is back on ice.
1:32 of 3rd period - Backhand shot by Pascal Dupuis.
1:32 of 3rd period - Shot Misses the Net.
1:34 of 3rd period - Snap shot by Pascal Dupuis.
1:34 of 3rd period - Shot Blocked by Jason Demers.
1:36 of 3rd period - Snap shot by Sergei Kostitsyn.
1:36 of 3rd period - Stopped by Roberto Luongo with a rebound.
2:03 of 3rd period - Nate Prosser is hit by Cody Hodgson and loses puck.
2:48 of 3rd period - Viktor Stalberg is hit by Thomas Vanek and loses puck.
3:11 of 3rd period - Marc Savard is hit by Pascal Dupuis and loses puck.
3:39 of 3rd period - Jason Demers is hit by Thomas Vanek.
4:33 of 3rd period - Slapshot by Arturs Kulda.
4:33 of 3rd period - Stopped by Roberto Luongo without a rebound.
4:34 of 3rd period - Cody Hodgson wins face-off versus Dave Bolland in Bruins zone.
5:09 of 3rd period - Thomas Vanek is hit by Marc Savard and loses puck.
6:14 of 3rd period - Wrist shot by Milan Hejduk.
6:14 of 3rd period - Stopped by Roberto Luongo without a rebound.
6:15 of 3rd period - Marc Savard wins face-off versus Evgeni Malkin in Bruins zone.
6:15 of 3rd period - Marc Savard is hit by Thomas Vanek.
7:12 of 3rd period - Snap shot by Brenden Morrow.
7:12 of 3rd period - Shot Misses the Net.
7:14 of 3rd period - Snap shot by Cody Hodgson.
7:14 of 3rd period - Goal by Cody Hodgson - Bruins : 6 - Senateurs : 2.
7:15 of 3rd period - Henrik Sedin wins face-off versus Evgeni Malkin in neutral zone.
7:23 of 3rd period - Icing by Henrik Sedin.
7:24 of 3rd period - Henrik Sedin wins face-off versus Evgeni Malkin in Bruins zone.
7:48 of 3rd period - Wrist shot by Henrik Sedin.
7:48 of 3rd period - Shot Misses the Net.
7:50 of 3rd period - Slapshot by Andrew Alberts.
7:50 of 3rd period - Shot Misses the Net.
8:00 of 3rd period - Wrist shot by Thomas Vanek.
8:00 of 3rd period - Shot Misses the Net.
8:12 of 3rd period - Slapshot by Jason Demers.
8:12 of 3rd period - Shot Blocked by Kurtis Foster.
8:14 of 3rd period - Snap shot by Henrik Sedin.
8:14 of 3rd period - Shot Misses the Net.
8:16 of 3rd period - Slapshot by Andrew Alberts.
8:16 of 3rd period - Stopped by Jeff Deslauriers with a rebound.
10:44 of 3rd period - Wrist shot by Victor Oreskovich.
10:44 of 3rd period - Goal by Victor Oreskovich - Bruins : 7 - Senateurs : 2.
10:45 of 3rd period - Cody Hodgson wins face-off versus Patrick Eaves in neutral zone.
10:56 of 3rd period - Snap shot by Marc Savard.
10:56 of 3rd period - Shot Blocked by Vladimir Mihalik.
10:58 of 3rd period - Slapshot by Alex Tanguay.
10:58 of 3rd period - Stopped by Jeff Deslauriers without a rebound.
10:59 of 3rd period - Marc Savard wins face-off versus Brandon Dubinsky in Senateurs zone.
12:02 of 3rd period - Snap shot by Sergei Kostitsyn.
12:02 of 3rd period - Stopped by Roberto Luongo without a rebound.
12:03 of 3rd period - Brandon Dubinsky wins face-off versus Viktor Stalberg in Bruins zone.
12:04 of 3rd period - Snap shot by Ramzi Abid.
12:04 of 3rd period - Shot Misses the Net.
12:06 of 3rd period - Minor Penalty to Nate Prosser for Hooking.
12:07 of 3rd period - Marc Savard wins face-off versus Cody Hodgson in Bruins zone.
13:58 of 3rd period - Marc Savard is hit by Johan Franzen.
14:06 of 3rd period - Penalty to Nate Prosser is over, Nate Prosser is back on ice.
14:52 of 3rd period - Icing by Kurtis Foster.
14:53 of 3rd period - Marc Savard wins face-off versus Rob Schremp in Senateurs zone.
14:54 of 3rd period - Slapshot by Alex Tanguay.
14:54 of 3rd period - Deflect By Marc Savard.
14:54 of 3rd period - Shot Misses the Net.
14:54 of 3rd period - Puck is out of play.
14:55 of 3rd period - Marc Savard wins face-off versus Evgeni Malkin in Senateurs zone.
15:04 of 3rd period - Snap shot by Patrick Eaves.
15:04 of 3rd period - Shot Misses the Net.
15:20 of 3rd period - Jason Demers is hit by Ramzi Abid and loses puck.
15:29 of 3rd period - Wrist shot by Ramzi Abid.
15:29 of 3rd period - Shot Misses the Net.
15:48 of 3rd period - Nick Schultz is hit by Brenden Morrow and loses puck.
15:52 of 3rd period - Icing by Jason Demers.
15:53 of 3rd period - Henrik Sedin wins face-off versus B.J. Crombeen in Bruins zone.
16:05 of 3rd period - Snap shot by Victor Oreskovich.
16:05 of 3rd period - Goal by Victor Oreskovich - Bruins : 8 - Senateurs : 2.
16:06 of 3rd period - Evgeni Malkin wins face-off versus Henrik Sedin in neutral zone.
16:16 of 3rd period - Slapshot by Henrik Sedin.
16:16 of 3rd period - Stopped by Jeff Deslauriers with a rebound.
16:56 of 3rd period - Backhand shot by Brandon Dubinsky.
16:56 of 3rd period - Shot Misses the Net.
17:14 of 3rd period - Sergei Kostitsyn is hit by Kris Chucko and loses puck.
17:23 of 3rd period - Snap shot by Kris Chucko.
17:23 of 3rd period - Stopped by Jeff Deslauriers without a rebound.
17:24 of 3rd period - Marc Savard wins face-off versus Evgeni Malkin in Senateurs zone.
17:34 of 3rd period - Off-side.
17:35 of 3rd period - Evgeni Malkin wins face-off versus Henrik Sedin in neutral zone.
18:19 of 3rd period - Minor Penalty to Adam Pineault for Hooking.
18:20 of 3rd period - Evgeni Malkin wins face-off versus Wojtek Wolski in Bruins zone.
19:26 of 3rd period - Icing by Vladimir Mihalik.
19:27 of 3rd period - Wojtek Wolski wins face-off versus Evgeni Malkin in Senateurs zone.
19:36 of 3rd period - Slapshot by Johan Franzen.
19:36 of 3rd period - Shot Misses the Net.
19:38 of 3rd period - Slapshot by Brooks Orpik.
19:38 of 3rd period - Shot Misses the Net.
19:40 of 3rd period - Wrist shot by Brooks Orpik.
19:40 of 3rd period - Stopped by Roberto Luongo without a rebound.
19:41 of 3rd period - Brenden Morrow wins face-off versus Marc Savard in Bruins zone.
19:42 of 3rd period - Wrist shot by Cody Hodgson.
19:42 of 3rd period - Shot Misses the Net.
19:44 of 3rd period - Slapshot by Kurtis Foster.
19:44 of 3rd period - Shot Blocked by Marc Savard.
19:46 of 3rd period - Wrist shot by Johan Franzen.
19:46 of 3rd period - Stopped by Roberto Luongo with a rebound.
19:52 of 3rd period - Wrist shot by Brenden Morrow.
19:52 of 3rd period - Stopped by Roberto Luongo with a rebound.
19:54 of 3rd period - Slapshot by Carlo Colaiacovo.
19:54 of 3rd period - Stopped by Roberto Luongo with a rebound.
19:56 of 3rd period - Slapshot by Cody Hodgson.
19:56 of 3rd period - Deflect By Victor Oreskovich.
19:56 of 3rd period - Stopped by Roberto Luongo without a rebound.
19:57 of 3rd period - Wojtek Wolski wins face-off versus Evgeni Malkin in Bruins zone.
Goals for this period are 2 for Bruins vs 1 for Senateurs.
Shots for this period are 6 for Bruins vs 10 for Senateurs.
Back to the Top